 Dungeon Crawl Stone Soup version bcrawl-1.27.3 (webtiles) character file.

Game seed: 17700192458811110791

191557 pasperui the Ducker (level 4, -2/41 HPs)
             Began as a Gnoll Reaver on July 30, 2020.
             Was a Believer of Vehumet.
             Slain by a gnoll
             ... wielding a cursed -1 halberd
              (8 damage)
             ... on level 2 of the Dungeon.
             The game lasted 00:03:26 (1102 turns).

pasperui the Ducker (Gnoll Reaver)                  Turns: 1102, Time: 00:03:27

Health: -2/41      AC:  6    Str: 14    XL:     4   Next: 74%
Magic:  11/11      EV: 16    Int: 16    God:    Vehumet [**....]
Gold:   101        SH:  2    Dex: 14    Spells: 13/13 levels left

rFire    . . .     SeeInvis .   a - +0 long sword
rCold    . . .     Gourm    .   (no shield)
rNeg     . . .     Faith    .   b - +0 steam dragon scales
rPois    .         Spirit   .   (no helmet)
rElec    .         Reflect  .   h - +0 cloak
rCorr    .         Harm     .   (no gloves)
MR       .....                  (no boots)
Stlth    ++........             (no amulet)
HPRegen  0.13/turn              (no ring)
MPRegen  0.12/turn              (no ring)

@: no status effects
A: distributed training, fangs 1, strong nose
a: Renounce Religion


You were on level 2 of the Dungeon.
You worshipped Vehumet.
Vehumet was pleased with you.
You were hungry.

You visited 1 branch of the dungeon, and saw 2 of its levels.

You collected 101 gold pieces.

Inventory:

Hand Weapons
 a - a +0 long sword (weapon)
Armour
 b - +0 steam dragon scales (worn)
 h - a +0 cloak (worn)
Scrolls
 d - 2 scrolls of immolation
 g - a scroll of fear {unknown}
 m - 2 scrolls of identify
 n - a scroll of blinking {unknown}
 o - a scroll of amnesia {unknown}
Potions
 c - 2 potions of haste
 i - 2 potions of heal wounds {unknown}
 j - a potion of flight {unknown}
 k - a potion of curing {unknown}
 l - a potion of berserk rage {unknown}
Comestibles
 e - a ration {!d}
 f - 8 chunks of flesh


   Skills:
 + Level 6.6 Fighting
 + Level 1.2 Short Blades
 + Level 6.6 Long Blades
 + Level 1.2 Axes
 + Level 1.2 Maces & Flails
 + Level 1.2 Polearms
 + Level 1.2 Staves
 + Level 1.2 Slings
 + Level 1.2 Bows
 + Level 1.2 Crossbows
 + Level 1.2 Throwing
 + Level 1.2 Armour
 + Level 6.6 Dodging
 + Level 1.2 Stealth
 + Level 1.2 Shields
 + Level 1.2 Unarmed Combat
 + Level 5.1 Spellcasting
 + Level 1.0 Conjurations
 + Level 1.0 Hexes
 + Level 1.0 Charms
 + Level 1.0 Summonings
 + Level 1.0 Necromancy
 + Level 1.0 Translocations
 + Level 1.0 Transmutations
 + Level 1.0 Fire Magic
 + Level 1.0 Ice Magic
 + Level 1.0 Air Magic
 + Level 1.0 Earth Magic
 + Level 1.0 Poison Magic
 + Level 1.3 Invocations
 + Level 1.2 Evocations


You had 13 spell levels left.
You didn't know any spells.
Your spell library contained the following spells:

 Spells                   Type           Power        Failure   Level  Hunger
 Magic Dart               Conj           #...         2%          1    None
 Iskenderun's Battlesphe  Conj/Chrm      #.......     54%         5    ######.


Dungeon Overview and Level Annotations

Branches:
Dungeon (2/12)

Altars:
Makhleb


Innate Abilities, Weirdness & Mutations

Your experience applies equally to all skills.
You have very sharp teeth.
Your uncanny sense of smell can sniff out nearby items.


Message History

Vehumet accepts your kill.
Your Conjurations skill increases to level 1!
Your Hexes skill increases to level 1!
Your Charms skill increases to level 1!
Your Summonings skill increases to level 1!
Your Necromancy skill increases to level 1!
Your Translocations skill increases to level 1!
Your Transmutations skill increases to level 1!
Your Fire Magic skill increases to level 1!
Your Ice Magic skill increases to level 1!
Your Air Magic skill increases to level 1!
Your Earth Magic skill increases to level 1!
Your Poison Magic skill increases to level 1!
The gnoll hits you from afar with a cursed -1 halberd!
* * * LOW HITPOINT WARNING * * *
Things that are here:
a +0 club; a +0 spear You slash the gnoll!
The gnoll is heavily wounded.
The gnoll hits you with a cursed -1 halberd!
You die...

..# ###...#
##. ...
∆∆∆#...#.#
.. #.#
∆##.###.###
#..###..#
#...#######
#.....##
###........
###(###
#....#####
#.#
#.##......
#)# #.
###..## #@#
.. #..#.
#....g# ###
#..#.
#.......
#..#.
#.........
##.#.
#.....%[..#
#.#.
#.........#
#.#.
#.........#
#.#.
#.........#
##... #.)##


You could see a gnoll.

Vanquished Creatures
  3 gnolls (D:2)
  An ooze (D:2)
  2 worms (D:2)
  3 dart slugs (D:1)
  A leopard gecko (D:2)
  4 bats
  2 giant cockroaches
  5 goblins
  6 hobgoblins
  10 jackals (D:1)
  2 quokkas
  A ball python (D:2)
  A frilled lizard (D:1)
  6 kobolds
  4 rats
51 creatures vanquished.

Notes
Turn   | Place    | Note
-------+----------+-------------------------------------------
     0 | D:1      | pasperui the Gnoll Reaver began the quest for the Orb.
     0 | D:1      | Reached XP level 1. HP: 23/23 MP: 6/6
    56 | D:1      | Reached XP level 2. HP: 28/29 MP: 7/7
   274 | D:1      | Reached * piety under Vehumet
   274 | D:1      | Offered knowledge of Freeze by Vehumet.
   282 | D:1      | Reached XP level 3. HP: 32/35 MP: 9/9
   318 | D:1      | Reached skill level 5 in Spellcasting
   563 | D:1      | Reached skill level 1 in Invocations
   870 | D:2      | Reached skill level 1 in Short Blades
   870 | D:2      | Reached skill level 1 in Axes
   870 | D:2      | Reached skill level 1 in Maces & Flails
   870 | D:2      | Reached skill level 1 in Polearms
   870 | D:2      | Reached skill level 1 in Staves
   870 | D:2      | Reached skill level 1 in Slings
   870 | D:2      | Reached skill level 1 in Bows
   870 | D:2      | Reached skill level 1 in Crossbows
   870 | D:2      | Reached skill level 1 in Throwing
   870 | D:2      | Reached skill level 1 in Armour
   870 | D:2      | Reached skill level 1 in Stealth
   870 | D:2      | Reached skill level 1 in Shields
   870 | D:2      | Reached skill level 1 in Unarmed Combat
   870 | D:2      | Reached skill level 1 in Evocations
   881 | D:2      | Found a burning altar of Makhleb.
   898 | D:2      | Offered knowledge of Magic Dart by Vehumet.
   898 | D:2      | Reached XP level 4. HP: 37/41 MP: 11/11
   985 | D:2      | Reached ** piety under Vehumet
  1100 | D:2      | Reached skill level 1 in Conjurations
  1100 | D:2      | Reached skill level 1 in Hexes
  1100 | D:2      | Reached skill level 1 in Charms
  1100 | D:2      | Reached skill level 1 in Summonings
  1100 | D:2      | Reached skill level 1 in Necromancy
  1100 | D:2      | Reached skill level 1 in Translocations
  1100 | D:2      | Reached skill level 1 in Transmutations
  1100 | D:2      | Reached skill level 1 in Fire Magic
  1100 | D:2      | Reached skill level 1 in Ice Magic
  1100 | D:2      | Reached skill level 1 in Air Magic
  1100 | D:2      | Reached skill level 1 in Earth Magic
  1100 | D:2      | Reached skill level 1 in Poison Magic
  1102 | D:2      | Slain by a gnoll

Skill      XL: |  1  2  3  4 |
---------------+-------------+-----
Spellcasting   | 5 |  5.1
Invocations    | 1 |  1.3
Short Blades   | 1 |  1.2
Axes           | 1 |  1.2
Maces & Flails | 1 |  1.2
Polearms       | 1 |  1.2
Staves         | 1 |  1.2
Slings         | 1 |  1.2
Bows           | 1 |  1.2
Crossbows      | 1 |  1.2
Throwing       | 1 |  1.2
Armour         | 1 |  1.2
Stealth        | 1 |  1.2
Shields        | 1 |  1.2
Unarmed Combat | 1 |  1.2
Evocations     | 1 |  1.2
Conjurations   | 1 |  1.0
Hexes          | 1 |  1.0
Charms         | 1 |  1.0
Summonings     | 1 |  1.0
Necromancy     | 1 |  1.0
Translocations | 1 |  1.0
Transmutations | 1 |  1.0
Fire Magic     | 1 |  1.0
Ice Magic      | 1 |  1.0
Air Magic      | 1 |  1.0
Earth Magic    | 1 |  1.0
Poison Magic   | 1 |  1.0
Fighting       | |  6.6
Long Blades    | |  6.6
Dodging        | |  6.6

Action                   |  1- 3 |  4- 6 || total
-------------------------+-------+-------++-------
Melee: Long sword        |   130 |    42 ||   172
       Bite              |    18 |     5 ||    23
       Punch             |       |     1 ||     1
 Stab: Sleeping          |     1 |     1 ||     2
  Eat: Chunk             |     3 |     1 ||     4
Armor: Steam dragon scal |    45 |     9 ||    54
Dodge: Dodged            |   151 |    21 ||   172
Block: Other             |    10 |     3 ||    13
